 Dungeon Crawl Stone Soup version 0.17.0-28-g6e173f8 (console) character file.

8907 Kloppie the Basher (level 11, 0/178 HPs)
             Began as an Ogre Fighter on Dec 1, 2015.
             Was a Believer of Elyvilon.
             Slain by a six-headed hydra (12 damage)
             ... on level 1 of the Lair of Beasts.
             The game lasted 00:20:52 (13042 turns).

Kloppie the Basher (Ogre Fighter)                  Turns: 13042, Time: 00:20:52

Health: 0/178      AC: 10    Str: 28    XL:     11   Next: 38%
Magic:  11/11      EV: 14    Int:  7    God:    Elyvilon [**....]
Gold:   481        SH: 11    Dex: 12    Spells: 0 memorised, 10 levels left

rFire  + . .     SeeInvis .     b - +2 morningstar (protect)
rCold  . . .     Clarity  .     u - +0 robe
rNeg   . . .     SustAt   +     c - +0 shield
rPois  .         Gourm    .     (helmet restricted)
rElec  .         Spirit   .     A - +1 cloak
rCorr  .         Warding  .     (gloves unavailable)
rMut   .         Stasis   .     (boots unavailable)
MR     +....                    (no amulet)
Stlth  ..........               h - ring of sustain attributes
                                p - ring of protection from fire

@: berserking, very quick, somewhat resistant to hostile enchantments, extremely
unstealthy
A: unfitting armour, tough skin 1
a: Lesser Healing, Heal Other, Divine Protection, Renounce Religion


You were on level 1 of the Lair of Beasts.
You worshipped Elyvilon.
Elyvilon was pleased with you.
You were not hungry.

You visited 3 branches of the dungeon, and saw 11 of its levels.

You collected 481 gold pieces.

Inventory:

Hand Weapons
 a - a +0 flail
 b - a +2 morningstar of protection (weapon)
 B - the +5 demon whip "Spellbinder" {antimagic, MR+}
   (You found it on level 7 of the Dungeon)

   It disrupts the flow of magical energy around spellcasters and certain
   magical creatures (including the wielder).
   It affects your resistance to hostile enchantments.
   Elyvilon disapproves of the use of such an item.
Missiles
 v - 4 javelins (quivered)
Armour
 c - a +0 shield (worn)
 u - a +0 robe (worn)
 A - a +1 cloak (worn)
Jewellery
 h - a ring of sustain attributes (right hand)
 i - an uncursed ring of wizardry
 k - an uncursed ring of ice
 p - a ring of protection from fire (left hand)
Wands
 f - a wand of hasting (1)
 t - a wand of digging (8)
 z - a wand of invisibility (6)
 C - a wand of enslavement (15)
Scrolls
 m - 2 scrolls of amnesia {unknown}
 o - 5 scrolls of remove curse
 r - 2 scrolls of recharging
 y - a scroll of enchant weapon
 H - a scroll of identify
Potions
 d - a potion of might
 j - 4 potions of curing
 q - a potion of magic
 s - 2 potions of lignification
 w - a potion of brilliance
 x - a potion of berserk rage
 D - 2 potions of flight
 F - 2 potions of heal wounds {unknown}
 G - a potion of mutation {unknown}
 I - a potion of resistance {unknown}
Books
 E - a Necronomicon

   Spells                             Type                      Level
   a - Haunt                          Necromancy/Summoning         7
   b - Borgnjor's Revivification      Necromancy                   8
   c - Death's Door                   Charms/Necromancy            8
   d - Necromutation                  Transmutation/Necromancy     8
   Elyvilon disapproves of the use of such an item.
Comestibles
 e - 9 bread rations
 g - a beef jerky
 l - a royal jelly
 n - 4 meat rations
 J - 3 chunks of flesh


   Skills:
 - Level 10.3 Fighting
 - Level 10.6 Maces & Flails
 - Level 3.0 Armour
 - Level 10.2 Dodging
 + Level 7.6 Shields


You had 10 spell levels left.
You didn't know any spells.

Dungeon Overview and Level Annotations

Branches:
Dungeon (8/15)             Temple (1/1) D:6            Lair (2/8) D:8

Altars:
Ashenzari
Cheibriados
Dithmenos
Elyvilon
Fedhas
Gozag
Kikubaaqudgha
Makhleb
Nemelex Xobeh
Okawaru
Qazlal
Ru
Sif Muna
Trog
Vehumet
Xom
Yredelemnul
Zin
The Shining One

Shops:
D:6 :   D:7 %


Innate Abilities, Weirdness & Mutations

You are too large for most types of armour.
You have tough skin (AC +1).


Message History

The six-headed hydra bites you.
* * * LOW HITPOINT WARNING * * *
You block the six-headed hydra's attack.
You fail to use your ability.
The six-headed hydra bites you!
* * * LOW HITPOINT WARNING * * *
The six-headed hydra bites you!
* * * LOW HITPOINT WARNING * * *
The six-headed hydra bites you.
* * * LOW HITPOINT WARNING * * *
The six-headed hydra barely misses you. The six-headed hydra bites you.
* * * LOW HITPOINT WARNING * * *
The six-headed hydra bites you.
* * * LOW HITPOINT WARNING * * *
A six-headed hydra is nearby!
Drink which item? (? for menu, Esc to quit)
A red film seems to cover your vision as you go berserk!
You feel yourself moving faster!
You feel mighty!
You block the six-headed hydra's attack. x2
The six-headed hydra bites you!
You die...

#................# ##....
#.###.####..>....# #...) #.# ###
#.......# #.... #.##
#.......######.... ### #..####
##.................
###.###.###.###P.......#######.#.
#......................# ###.
#.......###.####.......## #.
#.......##### #@.......# ##
#........# #.D.....## #
#.......## #........#### ####
P.......# #.......P##.###.##
#.......########.................
#......................##.####.##
#(.....>########.......#### ####
#......<# #.......# ## #####P..##
#.......#########.


You could see a six-headed hydra.

Vanquished Creatures
  Fannar (Lair:1)
  A hill giant (D:5)
  The ghost of paplaukes the Reanimator, a novice DsNe (D:6)
  A fire drake (D:8)
  A komodo dragon (Lair:1)
  11 yaks (Lair:1)
  A basilisk (Lair:1)
  A hungry ghost (D:8)
  A deep elf fighter (D:8)
  Menkaure (D:5)
  3 hippogriffs (Lair:1)
  A water moccasin (Lair:1)
  4 sky beasts
  A porcupine (Lair:1)
  4 orc warriors
  An eye of draining (D:8)
  A phantom (D:7)
  2 ice beasts
  5 ogres
  6 centaurs
  A big kobold (D:4)
  4 giant frogs
  3 scorpions
  A crimson imp (D:8)
  3 hounds
  3 iguanas
  8 orc wizards (D:4)
  Crazy Yiuf (D:7)
  2 giant frog zombies
  7 orc priests
  2 jellies (D:7)
  3 giant frog skeletons
  A gnoll shaman (D:8)
  4 worker ants
  6 sheep (Lair:1)
  19 gnolls
  10 river rats (Lair:1)
  12 adders
  A shadow imp (D:7)
  4 oozes
  An adder skeleton (D:8)
  2 adder zombies
  A worm (D:5)
  6 giant geckos
  37 orcs
  6 giant cockroaches
  11 hobgoblins
  15 jackals
  3 quokkas
  5 bats
  2 giant newts
  4 goblins
  A jackal zombie (D:5)
  10 kobolds
  13 rats
260 creatures vanquished.

Vanquished Creatures (others)
  An ooze (D:4)
  4 fungi (Lair:1)
  A plant (D:4)
6 creatures vanquished.

Grand Total: 266 creatures vanquished

Notes
Turn   | Place    | Note
--------------------------------------------------------------
     0 | D:1      | Kloppie the Ogre Fighter began the quest for the Orb.
     0 | D:1      | Reached XP level 1. HP: 24/24 MP: 1/1
    49 | D:1      | Reached XP level 2. HP: 24/33 MP: 2/2
   331 | D:1      | Reached XP level 3. HP: 38/40 MP: 3/3
   662 | D:2      | Reached skill level 5 in Fighting
   787 | D:2      | Reached XP level 4. HP: 32/50 MP: 4/4
  1618 | D:3      | Reached skill level 6 in Fighting
  1618 | D:3      | Reached skill level 5 in Maces & Flails
  1618 | D:3      | Reached XP level 5. HP: 47/59 MP: 5/5
  2238 | D:3      | Reached XP level 6. HP: 42/68 MP: 6/6
  2548 | D:3      | Found a faded altar to an unknown god.
  2943 | D:4      | Reached skill level 7 in Fighting
  3139 | D:4      | Reached XP level 7. HP: 40/78 MP: 7/7
  3832 | D:4      | Reached skill level 8 in Maces & Flails
  4874 | D:5      | Entered Level 5 of the Dungeon
  4904 | D:5      | Reached XP level 8. HP: 54/87 MP: 8/8
  5151 | D:5      | Reached skill level 9 in Maces & Flails
  5162 | D:5      | Reached skill level 5 in Dodging
  5284 | D:5      | Noticed a hill giant
  5299 | D:5      | Killed a hill giant
  5299 | D:5      | Reached skill level 10 in Maces & Flails
  5500 | D:5      | Reached XP level 9. HP: 45/93 MP: 9/9
  5855 | D:5      | Reached skill level 1 in Armour
  5886 | D:5      | Found a sparkling altar of Nemelex Xobeh.
  5901 | D:5      | Found a glowing golden altar of the Shining One.
  6007 | D:5      | Noticed Menkaure
  6014 | D:5      | Killed Menkaure
  6557 | D:6      | Noticed paplaukes's ghost (novice DsNe)
  6587 | D:6      | Killed paplaukes's ghost
  6784 | D:6      | Found a staircase to the Ecumenical Temple.
  6834 | D:6      | Found a basalt altar of Yredelemnul.
  6860 | D:6      | Found a shadowy altar of Dithmenos.
  7199 | D:6      | Found Zeqi's Book Boutique.
  7540 | Temple   | Entered the Ecumenical Temple
  7635 | Temple   | Became a worshipper of Elyvilon the Healer
  8120 | D:7      | Noticed Crazy Yiuf
  8136 | D:7      | Killed Crazy Yiuf
  8358 | D:7      | Reached XP level 10. HP: 80/107 MP: 10/10
  8729 | D:7      | Reached * piety under Elyvilon
  9010 | D:7      | Found a sparkling altar of Nemelex Xobeh.
  9179 | D:7      | Found Vutwa's Food Shop.
  9358 | D:8      | Found a deep blue altar of Sif Muna.
  9469 | D:8      | Found a burning altar of Makhleb.
  9472 | D:8      | Found an opulent altar of Gozag.
  9955 | D:7      | Reached skill level 10 in Fighting
 10518 | D:8      | Found a staircase to the Lair.
 11111 | D:8      | Reached skill level 10 in Dodging
 11250 | Lair:1   | Entered Level 1 of the Lair of Beasts
 11608 | Lair:1   | Reached skill level 5 in Shields
 11608 | Lair:1   | Reached XP level 11. HP: 67/119 MP: 11/11
 12029 | Lair:1   | Reached ** piety under Elyvilon
 12380 | Lair:1   | Noticed Fannar
 12902 | Lair:1   | Killed Fannar
 13034 | Lair:2   | Noticed a six-headed hydra
 13042 | Lair:1   | Slain by a six-headed hydra

Action                   |  1- 3 |  4- 6 |  7- 9 | 10-12 || total
-------------------------+-------+-------+-------+-------++-------
Melee: Flail             |    93 |   198 |    71 |       ||   362
       Mace              |       |       |   185 |       ||   185
       Morningstar       |       |       |    89 |   418 ||   507
Throw: Javelin           |       |       |     6 |       ||     6
  Use: Scroll            |       |       |    14 |     6 ||    20
       Potion            |       |       |     2 |     3 ||     5
 Stab: Sleeping          |     1 |       |       |     4 ||     5
       Invisible         |       |       |       |     6 ||     6
  Eat: Chunk             |       |     7 |    14 |    12 ||    33
       Fruit             |       |       |     2 |       ||     2
       Beef jerky        |       |       |     1 |     4 ||     5
